 Dungeon Crawl Stone Soup version 0.18.1-48-g4cf74bf (webtiles) character file.

989 Joat the Insei (level 7, -9/59 HPs)
             Began as a Purple Draconian Transmuter on Aug 19, 2016.
             Was an Initiate of Ru.
             Mangled by an orc warrior
             ... wielding a +0 long sword
              (19 damage)
             ... on level 6 of the Dungeon.
             The game lasted 00:23:43 (4861 turns).

Joat the Insei (Purple Draconian Transmuter)        Turns: 4861, Time: 00:23:43

Health: -9/59      AC:  2    Str: 12    XL:     7   Next: 98%
Magic:  11/11      EV: 22    Int: 13    God:    Ru [......]
Gold:   275        SH:  0    Dex: 19    Spells: 3 memorised, 4 levels left

rFire  . . .     SeeInvis .       - Unarmed
rCold  + . .     Gourm    .     (armour unavailable)
rNeg   . . .     Faith    .     (shield currently unavailable)
rPois  x         Spirit   .     (helmet currently unavailable)
rElec  .         Dismiss  .     (cloak currently unavailable)
rCorr  .         Reflect  .     (gloves currently unavailable)
SustAt .         Harm     .     (boots currently unavailable)
MR     +....                    g - amulet of magic regeneration
Stlth  ++........               w - ring of protection from cold
                                (no ring)

@: spider-form (expiring), drained, somewhat resistant to hostile enchantments,
unstealthy
A: (breathe power), unfitting armour, (cold-blooded), AC +6
a: End Transformation, Renounce Religion


You were on level 6 of the Dungeon.
You worshipped Ru.
Ru was noncommittal.
You were not hungry.
You were a venomous arachnid creature.
You visited 2 branches of the dungeon, and saw 7 of its levels.

You collected 275 gold pieces.

Inventory:

Missiles
 a - 117 arrows
 y - 2 javelins (quivered)
Armour
 m - a +0 pair of gloves (melded)
 x - a +0 cloak (melded)
Jewellery
 g - an amulet of magic regeneration (around neck)
 w - a ring of protection from cold (right front leg)
Wands
 h - a wand of iceblast (5/15)
Scrolls
 i - 2 scrolls of amnesia
 j - 3 scrolls of fear
 k - 6 scrolls of identify
 q - a scroll of enchant armour {unknown}
 t - a scroll of immolation {unknown}
 z - 2 scrolls of enchant weapon {unknown}
 A - a scroll of teleportation {unknown}
 B - 2 scrolls of remove curse
 C - 4 scrolls of magic mapping
 D - a scroll of recharging {unknown}
 E - a scroll of fog {unknown}
 G - a scroll of random uselessness {unknown}
Potions
 e - 2 potions of ambrosia {unknown}
 f - a potion of cure mutation
 l - 2 potions of agility
 p - a potion of haste {unknown}
 r - 2 potions of curing {unknown}
 v - a potion of heal wounds {unknown}
 H - a potion of lignification {unknown}
Books
 b - a book of Changes

   Spells                             Type                      Level
   a - Beastly Appendage              Transmutation                1
   b - Sticks to Snakes               Transmutation                2
   c - Spider Form                    Transmutation/Poison         3
   d - Ice Form                       Ice/Transmutation            4
   e - Blade Hands                    Transmutation                5
 o - Vehumet's Compendium of Arcane Weapons
   (You found it on level 3 of the Dungeon)

   Spells                             Type                      Level
   a - Magic Dart                     Conjuration                  1
 F - a book of Air

   Spells                             Type                      Level
   a - Shock                          Conjuration/Air              1
   b - Swiftness                      Charms/Air                   2
   c - Repel Missiles                 Charms/Air                   2
   d - Static Discharge               Conjuration/Air              3
   e - Lightning Bolt                 Conjuration/Air              5
Comestibles
 c - 6 bread rations
 d - 7 fruits
 n - 6 meat rations
 u - 2 slices of pizza


   Skills:
 + Level 4.0(3.6) Fighting
 + Level 4.3(4.0) Dodging
 * Level 6.2(5.9) Unarmed Combat
 + Level 3.0(2.7) Spellcasting
 + Level 3.0(2.7) Transmutations
 + Level 3.2(2.9) Poison Magic


You had 4 spell levels left.
You knew the following spells:

 Your Spells              Type           Power        Failure   Level  Hunger
c - Ice Form              Ice/Trmt       #.......     99%         4    #####..
q - Beastly Appendage     Trmt           #.....       24%         1    #......
v - Spider Form           Trmt/Pois      #.........   41%         3    ###....


Dungeon Overview and Level Annotations

Branches:
Dungeon (5/15)             Temple (1/1) D:4

Altars:
Cheibriados
Dithmenos
Elyvilon
Gozag
Kikubaaqudgha
Makhleb
Nemelex Xobeh
Qazlal
Ru
Sif Muna
Trog
Vehumet
Xom
Yredelemnul
Zin
The Shining One

Annotations:
D:5 Ferkelamun's ghost, amateur OgHu


Innate Abilities, Weirdness & Mutations

((You can breathe bolts of dispelling energy.))
((Your rich purple scales are hard (AC +6).))
Your body does not fit into most forms of armour.
((You are cold-blooded and may be slowed by cold attacks.))


Message History

The orc warrior hits you with a long sword!
A wight comes into view. It is wielding a long sword.
You hit the orc warrior.
The orc warrior is lightly wounded.
Your transformation is almost over.
The orc warrior misses you.
You hit the orc warrior but do no damage.
The orc warrior is lightly wounded.
The orc warrior completely misses you.
You barely miss the orc warrior.
The orc warrior is lightly wounded.
You hit the orc warrior but do no damage.
The orc warrior is poisoned.
The orc warrior is lightly wounded.
The orc warrior hits you with a long sword!!
* * * LOW HITPOINT WARNING * * *
Drink which item? (? for menu, Esc to quit)
It was a potion of cure mutation.
It has a very clean taste.
The orc warrior hits you with a long sword!!
You die...

..######### #
#.........# #.
#..######.# #
#.##..######.###
..#.#..(...........#
.$...##.#.##########
..........>......
.#..##.#.########
#s#.........
#o##########


#oz #.## ... ... #.# ... You could see an orc warrior, a wight and an orc
priest.

Vanquished Creatures
  2 phantoms (D:4)
  2 ogres (D:4)
  2 scorpions (D:5)
  2 wights (D:6)
  A giant frog zombie (D:5)
  A hound (D:5)
  A centaur skeleton (D:4)
  Terence (D:3)
  5 worker ants
  A worker ant zombie (D:5)
  4 gnolls
  5 adders
  A shadow imp (D:5)
  An ooze (D:3)
  2 adder skeletons (D:4)
  7 worms
  A dart slug (D:3)
  5 giant geckos
  7 orcs
  2 ball pythons (D:3)
  7 bats
  A giant cockroach (D:3)
  5 goblins
  7 hobgoblins
  2 jackals (D:2)
  3 quokkas
  6 giant newts
  5 kobolds
  6 rats
95 creatures vanquished.

Notes
Turn   | Place    | Note
--------------------------------------------------------------
     0 | D:1      | Joat the Draconian Transmuter began the quest for the Orb.
     0 | D:1      | Reached XP level 1. HP: 16/16 MP: 3/3
   516 | D:1      | Reached XP level 2. HP: 18/23 MP: 5/5
   711 | D:2      | Found a glowing golden altar of the Shining One.
   843 | D:2      | Found a white marble altar of Elyvilon.
  1294 | D:2      | Found a basalt altar of Yredelemnul.
  1303 | D:2      | Reached XP level 3. HP: 28/28 MP: 6/6
  1308 | D:2      | Learned a level 3 spell: Spider Form
  1761 | D:3      | Reached skill level 4 in Unarmed Combat
  1784 | D:3      | Noticed Terence
  1791 | D:3      | Killed Terence
  1791 | D:3      | Reached XP level 4. HP: 35/36 MP: 4/7
  1984 | D:3      | Found an ancient bone altar of Kikubaaqudgha.
  2043 | D:3      | Found a radiant altar of Vehumet.
  2047 | D:3      | Found a deep blue altar of Sif Muna.
  2053 | D:3      | Identified Vehumet's Compendium of Arcane Weapons
  2160 | D:3      | Reached skill level 1 in Poison Magic
  2686 | D:4      | Found a staircase to the Ecumenical Temple.
  2686 | D:4      | Noticed a phantom
  2716 | D:4      | Killed a phantom
  2716 | D:4      | Reached XP level 5. HP: 35/42 MP: 8/8
  2729 | Temple   | Entered the Ecumenical Temple
  2949 | Temple   | Became a worshipper of Ru the Awakened
  3025 | D:4      | Noticed an ogre
  3041 | D:4      | Killed an ogre
  3041 | D:4      | Reached skill level 5 in Unarmed Combat
  3041 | D:4      | Reached XP level 6. HP: 50/50 MP: 5/9
  3198 | D:3      | Learned a level 4 spell: Ice Form
  3266 | D:4      | Found a shimmering altar of Xom.
  3453 | D:4      | Your scales start taking on a rich purple colour.
  3453 | D:4      | Reached XP level 7. HP: 37/57 MP: 10/10
  3862 | D:5      | Entered Level 5 of the Dungeon
  3885 | D:5      | Noticed Ferkelamun's ghost (amateur OgHu)
  4074 | D:5      | Found a burning altar of Makhleb.
  4074 | D:5      | Found a stormy altar of Qazlal.
  4582 | D:5      | Reached skill level 6 in Unarmed Combat
  4622 | D:5      | Found a bloodstained altar of Trog.
  4814 | D:5      | You fall through a shaft!
  4861 | D:6      | Mangled by an orc warrior

Skill      XL: |  1  2  3  4  5  6  7 |
---------------+----------------------+-----
Dodging        | 2 3 4 |  4.3
Unarmed Combat | 4 5 6 |  6.2
Fighting       | 2 3 4 |  4.0
Poison Magic   | 1 2 3 |  3.2
Transmutations | 3 |  3.0
Spellcasting   | 3 |  3.0

Action                   |  1- 3 |  4- 6 |  7- 9 || total
-------------------------+-------+-------+-------++-------
Melee: Unarmed           |   129 |   176 |   144 ||   449
       Tailslap          |    11 |    18 |    14 ||    43
       Kick              |    11 |       |     7 ||    18
       Headbutt          |     3 |     1 |     6 ||    10
       Punch             |     1 |     4 |     2 ||     7
 Cast: Beastly Appendage |     9 |     1 |     7 ||    17
       Spider Form       |     1 |     4 |     5 ||    10
  Use: Scroll            |       |     5 |       ||     5
       Potion            |       |       |     1 ||     1
 Stab: Sleeping          |     1 |     1 |     1 ||     3
  Eat: Chunk             |     3 |     6 |     4 ||    13
       Beef jerky        |       |       |     1 ||     1
Armor: Skin              |    30 |    50 |    23 ||   103
Dodge: Dodged            |    68 |   126 |    88 ||   282
